Map: Coda LE

Players

Livibee - Winner!

  • Race: Zerg Zerg
  • Spawn Location: 11:00

Wintersc2 (Winter)

  • Race: Terran Terran
  • Spawn Location: 5:00

VOD

Have the link to the VOD?

Description

Time

  • Played on: April 2, 2015, 2:43 a.m.
  • Length: 7:18
Show
View Real Time Build Order
Export as new Build Order

Livibee Zerg - Winner!

Build Orders: Hatch First 

Get SALT Encoding   

  12  0:02  Drone  
  13  0:19  Overlord  
  13  0:24  Drone  
  14  0:44  Drone  
  14  0:47  Drone  
  16  0:54  Hatchery  
  15  1:08  Spawning Pool  
  15  1:09  Drone  
  15  1:15  Drone, Extractor  
  15  1:17  Drone  
  16  1:21  Drone  
  17  1:31  Drone  
  18  1:43  Drone  
  19  1:55  Drone, Queen  
  22  2:06  Queen  
  22  2:07  Zergling x4  
  26  2:13  Overlord  
  26  2:23  Overlord  
  26  2:25  Metabolic Boost  
  26  2:28  Drone  
  26  2:29  Drone  
  28  2:35  Drone  
  29  2:39  Queen  
  31  2:47  Queen  
  33  2:51  Drone  
  33  2:53  Drone  
  33  2:56  Drone  
  36  3:03  Drone x2  
  38  3:06  Drone x2  
  38  3:11  Drone x2  
  42  3:16  Drone  
  42  3:17  Drone  
  44  3:26  Extractor  
  43  3:29  Extractor  
  43  3:30  Roach Warren  
  39  3:34  Zergling x2  
  39  3:35  Zergling x8  
  39  3:41  Overlord  
  44  3:43  Overlord  
  44  3:55  Overlord x3  
  44  4:07  Drone x5  
  49  4:10  Extractor  
  47  4:18  Drone x3  
  47  4:21  Drone  
  51  4:26  Drone  
  51  4:27  Drone x3  
  51  4:29  Drone  
  56  4:33  Drone  
  56  4:34  Drone  
  56  4:38  Overlord  
  58  4:42  Overlord  
  58  4:44  Overlord  
  58  4:52  Baneling Nest  
  57  4:58  Roach x3  
  57  4:59  Roach  
  65  5:06  Roach  
  67  5:07  Roach x2  
  67  5:13  Roach x3  
  77  5:16  Roach  
  77  5:18  Roach  
  77  5:20  Roach  
  83  5:23  Ravager x2  
  83  5:24  Ravager x2  
  87  5:35  Ravager x4  
  91  5:36  Roach  
  91  5:37  Roach x3  
  91  5:38  Roach  
  91  5:41  Ravager x2  
  103  5:46  Overlord x2  
  103  5:49  Ravager x2  
  105  5:52  Roach  
  107  6:00  Baneling x4  
  106  6:04  Baneling  
  106  6:05  Baneling  
  106  6:08  Zergling x18  
  112  6:23  Zergling x8  
  112  6:31  Zergling x2  
  112  6:32  Zergling x6  
  116  6:40  Hatchery  
  105  7:00  Zergling x2  
  105  7:01  Zergling x26  
Show
View Real Time Build Order
Export as new Build Order

Wintersc2 Terran 

Build Orders: Command Center First (CC), MMM Bio 

Get SALT Encoding   

  12  0:01  SCV  
  13  0:13  SCV  
  14  0:23  Supply Depot  
  14  0:25  SCV  
  15  0:44  SCV  
  16  1:01  Command Center  
  16  1:03  SCV  
  17  1:16  SCV  
  18  1:30  Barracks  
  18  1:31  SCV  
  19  1:38  Refinery  
  19  1:40  Refinery  
  19  1:43  SCV  
  20  1:55  SCV  
  21  2:05  Barracks  
  21  2:07  Barracks  
  21  2:17  Orbital Command  
  21  2:21  Barracks Reactor  
  22  2:29  Orbital Command  
  21  2:41  Barracks  
  21  2:43  SCV  
  22  2:53  Barracks Tech Lab  
  22  2:55  Barracks  
  22  2:59  SCV  
  22  3:05  Marine x2  
  25  3:07  Marine  
  26  3:15  Marine  
  26  3:19  SCV  
  27  3:23  Marine x2  
  27  3:25  Marine  
  29  3:33  SCV, Stimpack  
  29  3:39  SCV, Marine  
  32  3:48  SCV  
  32  3:49  Barracks Reactor  
  32  3:52  SCV  
  32  3:54  Marine  
  34  3:58  Barracks Reactor  
  34  4:00  SCV  
  35  4:03  Barracks Reactor  
  35  4:04  SCV  
  35  4:07  Supply Depot  
  35  4:08  Supply Depot  
  36  4:12  SCV  
  36  4:15  Marine  
  38  4:28  SCV x2, Marine x2  
  38  4:30  Supply Depot  
  42  4:32  Marine  
  42  4:35  Marine x4  
  47  4:40  SCV x2  
  47  4:42  Marine  
  47  4:43  Barracks  
  50  4:45  Marine  
  50  4:46  Marine x2  
  50  4:50  Marine  
  50  4:52  Supply Depot, SCV  
  55  4:53  Marine  
  55  4:54  SCV  
  55  4:57  Marine  
  55  4:58  Marine  
  59  5:00  Marine  
  59  5:01  Marine  
  59  5:04  SCV  
  62  5:10  Barracks  
  62  5:14  Supply Depot, SCV  
  63  5:16  Supply Depot, SCV, Marine  
  63  5:19  Marine x2  
  63  5:20  Marine  
  68  5:26  SCV  
  69  5:29  SCV, Barracks Reactor  
  69  5:34  Combat Shields  
  69  5:35  Marine x4  
  71  5:36  Supply Depot  
  71  5:39  SCV, Marine  
  71  5:41  Marine  
  77  5:44  Marine x2  
  77  5:46  Marine  
  77  5:47  SCV  
  81  5:53  Marine x4  
  81  5:55  SCV  
  86  5:58  Marine  
  86  6:02  Marine  
  86  6:03  Marine x2  
  90  6:08  SCV  
  90  6:09  Marine  
  90  6:10  Marauder  
  94  6:14  Barracks  
  94  6:16  Marine  
  84  6:21  Marine  
  84  6:22  Marine x3  
  84  6:25  SCV, Barracks Tech Lab  
  70  6:27  Barracks  
  70  6:29  Marine x2  
  70  6:31  Marauder  
  70  6:35  Marine  
  70  6:39  SCV  
  73  6:41  SCV  
  73  6:49  Marine  
  73  6:50  Marauder  
  73  6:52  Marauder  
  64  6:55  Marine  
  64  6:57  Marine x2  
  64  6:59  Marine  
Tags
 
Add a new tag
Caveats
  • Supply blocks, unpowered buildings, or Contaminate may cause inaccurate times.
  • Supply counts are checked every 10 seconds.